2274 views
Uploaded 2023-10-25 00:42:08
Game version 1.36 (6115)
28:02 long 2on2 ladder game on (4)PhantomGrove_S2_v2.0
Saved by GIGA
2274 views
Uploaded 2023-10-25 00:42:08
Game version 1.36 (6115)
28:02 long 2on2 ladder game on (4)PhantomGrove_S2_v2.0


83 units @ 11.3k
/ 1.4k
66 buildings @ 11.6k
/ 4.6k



| Rod of Necromancy | 3 | 450 |
| Sacrificial Skull | 2 | 100 |
| Potion of Healing | 1 | 150 |
| Orb of Corruption | 1 | 375 |
| Scroll of Healing | 1 | 250 |
| Scroll of Town Portal | 6 | 2100 |
| Potion of Lesser Invulnerability | 2 | 300 |
| Staff of Teleportation | 1 | 150 |
| total: | 17 | 3875g |
| Acolyte | 21 | 1575 | / | 0 |
| Ghoul | 11 | 1320 | / | 0 |
| Crypt Fiend | 7 | 1505 | / | 280 |
| Banshee | 4 | 620 | / | 120 |
| Obsidian Statue | 2 | 400 | / | 70 |
| Meat Wagon | 4 | 920 | / | 200 |
| total: | 49 | 6340g | / | 670w |
| Nerubian Tower | 3 | 300 | / | 60 |
| Spirit Tower | 6 | 870 | / | 240 |
| Crypt | 1 | 200 | / | 50 |
| Altar of Darkness | 1 | 180 | / | 50 |
| Ziggurat | 20 | 3000 | / | 1000 |
| Tomb of Relics | 1 | 130 | / | 30 |
| Necropolis | 4 | 900 | / | 0 |
| Graveyard | 1 | 215 | / | 0 |
| Temple of the Damned | 2 | 310 | / | 280 |
| Slaughterhouse | 1 | 140 | / | 135 |
| Sacrificial Pit | 1 | 75 | / | 150 |
| Halls of the Dead | 1 | 320 | / | 210 |
| Black Citadel | 1 | 325 | / | 230 |
| total: | 32 | 5150g | / | 1695w |
| 0:03 | Acolyte |
| 0:03 | Acolyte |
| 0:10 | Crypt |
| 0:13 | Altar of Darkness |
| 0:26 | Ziggurat |
| 0:47 | Acolyte |
| 1:06 | Tomb of Relics |
| 1:17 | Ghoul |
| 1:33 | Ziggurat |
| 1:35 | Ghoul |
| 1:53 | Ghoul |
| 2:05 | Ghoul |
| 2:16 | Rod of Necromancy |
| 2:20 | Acolyte |
| 2:23 | Sacrificial Skull |
| 2:31 | Death Coil |
| 2:40 | Ghoul |
| 2:58 | Ziggurat |
| 3:03 | Ghoul |
| 3:09 | Ghoul |
| 3:18 | Ghoul |
| 3:20 | Nerubian Tower |
| 3:55 | Nerubian Tower |
| 4:25 | Necropolis |
| 4:44 | Acolyte |
| 4:44 | Acolyte |
| 5:33 | Ghoul |
| 5:41 | Ghoul |
| 5:53 | Rod of Necromancy |
| 5:59 | Acolyte |
| 6:01 | Ziggurat |
| 6:20 | Halls of the Dead |
| 6:22 | Unholy Aura |
| 6:40 | Graveyard |
| 6:43 | Ghoul |
| 6:57 | Acolyte |
| 8:41 | Black Citadel |
| 8:43 | Temple of the Damned |
| 8:44 | Temple of the Damned |
| 9:18 | Slaughterhouse |
| 9:23 | Spirit Tower |
| 9:43 | Rod of Necromancy |
| 9:43 | Sacrificial Skull |
| 9:50 | Crypt Fiend |
| 9:52 | Web |
| 9:54 | Banshee Adept Training |
| 9:59 | Potion of Healing |
| 10:15 | Frost Nova |
| 10:24 | Acolyte |
| 10:24 | Acolyte |
| 10:29 | Banshee |
| 10:37 | Obsidian Statue |
| 10:40 | Crypt Fiend |
| 10:54 | Potion of Lesser Invulnerability |
| 10:57 | Obsidian Statue |
| 10:59 | Ziggurat |
| 11:04 | Death Coil |
| 11:09 | Crypt Fiend |
| 11:11 | Banshee |
| 11:11 | Banshee Master Training |
| 11:33 | Creature Carapace |
| 11:33 | Creature Attack |
| 11:46 | Crypt Fiend |
| 11:55 | Destroyer Form |
| 12:02 | Frost Armor |
| 12:12 | Acolyte |
| 12:14 | Orb of Corruption |
| 12:14 | Scroll of Healing |
| 12:22 | Sleep |
| 12:37 | Crypt Fiend |
| 12:39 | Banshee |
| 13:01 | Ziggurat |
| 13:14 | Banshee |
| 14:21 | Acolyte |
| 14:21 | Acolyte |
| 14:22 | Acolyte |
| 14:22 | Acolyte |
| 14:48 | Crypt Fiend |
| 14:50 | Improved Creature Carapace |
| 14:50 | Improved Creature Attack |
| 14:53 | Spirit Tower |
| 14:56 | Frost Nova |
| 15:22 | Meat Wagon |
| 15:26 | Acolyte |
| 15:40 | Meat Wagon |
| 16:42 | Necropolis |
| 16:43 | Necropolis |
| 16:54 | Nerubian Tower |
| 16:56 | Necropolis |
| 17:15 | Sacrificial Pit |
| 17:30 | Carrion Swarm |
| 17:57 | Ziggurat |
| 17:57 | Ziggurat |
| 17:58 | Ziggurat |
| 18:00 | Ziggurat |
| 18:14 | Ziggurat |
| 18:15 | Ziggurat |
| 18:15 | Ziggurat |
| 18:16 | Ziggurat |
| 18:23 | Scroll of Town Portal |
| 19:17 | Spirit Tower |
| 19:18 | Acolyte |
| 20:03 | Unholy Aura |
| 20:10 | Spirit Tower |
| 20:12 | Scroll of Town Portal |
| 20:12 | Potion of Lesser Invulnerability |
| 21:43 | Acolyte |
| 21:55 | Ziggurat |
| 22:00 | Ziggurat |
| 22:01 | Ziggurat |
| 22:01 | Ziggurat |
| 22:02 | Ziggurat |
| 22:04 | Scroll of Town Portal |
| 22:12 | Spirit Tower |
| 22:28 | Ziggurat |
| 22:34 | Acolyte |
| 22:37 | Meat Wagon |
| 22:56 | Spirit Tower |
| 22:56 | Acolyte |
| 22:57 | Acolyte |
| 23:15 | Meat Wagon |
| 24:34 | Scroll of Town Portal |
| 25:41 | Scroll of Town Portal |
| 25:41 | Scroll of Town Portal |
| 26:31 | Staff of Teleportation |
| 26:46 | Crypt Fiend |
| Select group | 2576 |
| Right click | 2180 |
| Select | 769 |
| Assign group | 199 |
| Misc. action | 198 |
| Build/train/purchase | 170 |
| Use ability | 66 |
| Resource trade | 30 |
| Item give/drop | 10 |
| Esc | 5 |
| Minimap ping | 2 |


| Healing Salve | 2 | 200 |
| Lesser Clarity Potion | 1 | 70 |
| Orb of Lightning | 1 | 375 |
| Scroll of Town Portal | 2 | 700 |
| total: | 6 | 1345g |
| Peon | 16 | 1200 | / | 0 |
| Grunt | 4 | 800 | / | 0 |
| Troll Witch Doctor | 6 | 870 | / | 150 |
| Tauren | 7 | 1960 | / | 560 |
| Shaman | 1 | 130 | / | 20 |
| total: | 34 | 4960g | / | 730w |
| Watch Tower | 7 | 770 | / | 560 |
| Orc Burrow | 12 | 1920 | / | 480 |
| Barracks | 1 | 180 | / | 50 |
| Altar of Storms | 1 | 180 | / | 50 |
| Voodoo Lounge | 1 | 130 | / | 30 |
| War Mill | 2 | 410 | / | 0 |
| Great Hall | 6 | 2310 | / | 1110 |
| Spirit Lodge | 1 | 150 | / | 150 |
| Tauren Totem | 2 | 270 | / | 310 |
| Beastiary | 1 | 145 | / | 140 |
| Stronghold | 2 | 630 | / | 380 |
| Fortress | 1 | 325 | / | 190 |
| total: | 34 | 6465g | / | 2880w |
| 0:06 | Peon |
| 0:06 | Peon |
| 0:06 | Peon |
| 0:22 | Orc Burrow |
| 0:42 | Barracks |
| 0:50 | Peon |
| 1:22 | Altar of Storms |
| 1:26 | Peon |
| 1:44 | Grunt |
| 1:49 | Orc Burrow |
| 2:17 | Grunt |
| 2:27 | Voodoo Lounge |
| 2:36 | Grunt |
| 2:38 | Peon |
| 2:42 | Peon |
| 2:46 | Howl of Terror |
| 3:18 | Stronghold |
| 3:35 | War Mill |
| 3:42 | Grunt |
| 3:54 | Orc Burrow |
| 4:05 | Cleaving Attack |
| 4:21 | Healing Salve |
| 4:58 | Spiked Barricades |
| 5:22 | Great Hall |
| 5:46 | Peon |
| 5:46 | Peon |
| 6:03 | Peon |
| 6:34 | Spirit Lodge |
| 6:37 | Howl of Terror |
| 6:51 | Healing Wave |
| 7:05 | Reinforced Defenses |
| 7:08 | Peon |
| 7:12 | Peon |
| 8:09 | Troll Witch Doctor |
| 8:10 | Witch Doctor Adept Training |
| 8:13 | Fortress |
| 9:11 | Tauren Totem |
| 9:20 | Peon |
| 9:20 | Peon |
| 9:20 | Peon |
| 9:20 | Peon |
| 9:35 | Troll Witch Doctor |
| 9:46 | Tauren Totem |
| 9:48 | Steel Armor |
| 9:48 | Steel Melee Weapons |
| 9:52 | Orc Burrow |
| 10:03 | Orc Burrow |
| 10:15 | Lesser Clarity Potion |
| 10:17 | Healing Salve |
| 10:22 | Troll Witch Doctor |
| 10:38 | Tauren |
| 10:40 | Witch Doctor Master Training |
| 11:07 | Tauren |
| 11:08 | Troll Witch Doctor |
| 11:14 | Hex |
| 11:21 | Hex |
| 11:48 | Tauren |
| 11:49 | Tauren |
| 11:51 | Troll Witch Doctor |
| 11:55 | Cleaving Attack |
| 12:26 | Tauren |
| 13:03 | Healing Wave |
| 13:23 | Pulverize |
| 13:26 | Thorium Melee Weapons |
| 13:28 | Troll Witch Doctor |
| 13:46 | Orc Burrow |
| 14:28 | Scroll of Town Portal |
| 14:39 | Shaman Adept Training |
| 15:00 | Orb of Lightning |
| 15:17 | Thorium Armor |
| 15:23 | Tauren |
| 15:25 | Tauren |
| 15:43 | Watch Tower |
| 15:47 | Watch Tower |
| 16:53 | Watch Tower |
| 17:14 | Shaman Master Training |
| 17:19 | Beastiary |
| 17:59 | Shaman |
| 18:04 | Great Hall |
| 19:08 | Orc Burrow |
| 19:56 | Orc Burrow |
| 20:00 | Watch Tower |
| 20:08 | Great Hall |
| 20:43 | Watch Tower |
| 20:45 | Stronghold |
| 21:42 | Great Hall |
| 22:04 | Watch Tower |
| 22:08 | Watch Tower |
| 22:54 | Scroll of Town Portal |
| 23:46 | Howl of Terror |
| 23:49 | Hex |
| 25:04 | Great Hall |
| 26:17 | War Mill |
| 26:21 | Great Hall |
| 26:23 | Orc Burrow |
| 26:25 | Orc Burrow |
| 26:27 | Orc Burrow |
| 26:31 | Orc Burrow |
| Right click | 669 |
| Select group | 543 |
| Select | 316 |
| Build/train/purchase | 103 |
| Use ability | 56 |
| Assign group | 34 |
| Item give/drop | 9 |
| Minimap ping | 1 |
62 units @ 6.2k
/ 0.7k
100 buildings @ 7.1k
/ 3.1k
GIGA
(207)
(27:58) : 


| Lesser Clarity Potion | 2 | 140 |
| Scroll of Regeneration | 1 | 100 |
| Orb of Fire | 1 | 325 |
| Boots of Speed | 1 | 250 |
| total: | 5 | 815g |
| Peasant | 12 | 900 | / | 0 |
| Footman | 5 | 675 | / | 0 |
| Dragonhawk Rider | 3 | 600 | / | 90 |
| total: | 20 | 2175g | / | 90w |
| Scout Tower | 16 | 480 | / | 320 |
| Arcane Tower | 6 | 420 | / | 300 |
| Guard Tower | 3 | 210 | / | 150 |
| Altar of Kings | 2 | 360 | / | 100 |
| Farm | 12 | 960 | / | 240 |
| Barracks | 1 | 160 | / | 60 |
| Lumber Mill | 2 | 240 | / | 0 |
| Arcane Vault | 2 | 260 | / | 60 |
| Gryphon Aviary | 1 | 140 | / | 150 |
| Arcane Sanctum | 2 | 300 | / | 280 |
| Keep | 1 | 320 | / | 210 |
| Castle | 1 | 360 | / | 210 |
| total: | 38 | 2900g | / | 1210w |
| 0:03 | Peasant |
| 0:03 | Peasant |
| 0:05 | Altar of Kings |
| 0:10 | Farm |
| 0:15 | Barracks |
| 0:24 | Peasant |
| 0:48 | Farm |
| 0:54 | Lumber Mill |
| 0:59 | Peasant |
| 1:05 | Farm |
| 1:10 | Peasant |
| 1:24 | Farm |
| 1:26 | Footman |
| 1:32 | Peasant |
| 1:58 | Improved Lumber Harvesting |
| 2:00 | Footman |
| 2:04 | Peasant |
| 2:10 | Storm Bolt |
| 2:20 | Footman |
| 2:36 | Farm |
| 2:38 | Peasant |
| 2:50 | Arcane Vault |
| 3:17 | Scout Tower |
| 3:18 | Peasant |
| 3:19 | Peasant |
| 3:21 | Footman |
| 3:26 | Farm |
| 3:41 | Bash |
| 3:55 | Arcane Tower |
| 4:31 | Scout Tower |
| 4:35 | Scout Tower |
| 4:36 | Scout Tower |
| 4:38 | Keep |
| 5:00 | Lesser Clarity Potion |
| 5:04 | Arcane Tower |
| 5:37 | Guard Tower |
| 5:49 | Scout Tower |
| 6:07 | Footman |
| 6:24 | Boots of Speed |
| 7:07 | Guard Tower |
| 7:18 | Storm Bolt |
| 7:34 | Scout Tower |
| 7:35 | Scout Tower |
| 7:35 | Scout Tower |
| 7:37 | Scout Tower |
| 7:47 | Scroll of Regeneration |
| 7:49 | Lesser Clarity Potion |
| 7:54 | Improved Masonry |
| 8:56 | Holy Light |
| 9:44 | Castle |
| 9:47 | Guard Tower |
| 9:49 | Scout Tower |
| 9:50 | Scout Tower |
| 9:51 | Scout Tower |
| 9:51 | Scout Tower |
| 9:52 | Scout Tower |
| 9:53 | Scout Tower |
| 9:54 | Scout Tower |
| 10:00 | Advanced Masonry |
| 10:30 | Arcane Tower |
| 10:52 | Gryphon Aviary |
| 11:15 | Arcane Tower |
| 11:21 | Arcane Sanctum |
| 11:24 | Arcane Tower |
| 11:33 | Divine Shield |
| 11:58 | Lumber Mill |
| 12:09 | Cloud |
| 12:16 | Peasant |
| 12:16 | Peasant |
| 12:44 | Arcane Tower |
| 12:58 | Farm |
| 12:59 | Farm |
| 13:07 | Imbued Masonry |
| 13:23 | Brilliance Aura |
| 15:02 | Altar of Kings |
| 15:11 | Arcane Vault |
| 15:45 | Arcane Sanctum |
| 16:21 | Dragonhawk Rider |
| 16:21 | Dragonhawk Rider |
| 16:22 | Dragonhawk Rider |
| 16:25 | Farm |
| 16:26 | Farm |
| 16:34 | Orb of Fire |
| 17:04 | Magic Sentry |
| 17:08 | Farm |
| 27:32 | Holy Light |
| 27:49 | Farm |
| Right click | 2289 |
| Select group | 1422 |
| Select | 307 |
| Build/train/purchase | 62 |
| Use ability | 29 |
| Resource trade | 24 |
| Assign group | 19 |
| Misc. action | 9 |
| Minimap ping | 8 |
| Item give/drop | 1 |


| Scroll of Regeneration | 1 | 100 |
| Lesser Clarity Potion | 2 | 140 |
| total: | 3 | 240g |
| Peasant | 19 | 1425 | / | 0 |
| Footman | 5 | 675 | / | 0 |
| Mortar Team | 1 | 180 | / | 70 |
| Flying Machine | 17 | 1700 | / | 510 |
| total: | 42 | 3980g | / | 580w |
| Scout Tower | 34 | 1020 | / | 680 |
| Arcane Tower | 2 | 140 | / | 100 |
| Guard Tower | 13 | 910 | / | 650 |
| Altar of Kings | 1 | 180 | / | 50 |
| Farm | 17 | 1360 | / | 340 |
| Barracks | 1 | 160 | / | 60 |
| Lumber Mill | 1 | 120 | / | 0 |
| Town Hall | 1 | 385 | / | 205 |
| Arcane Vault | 3 | 390 | / | 90 |
| Blacksmith | 1 | 140 | / | 60 |
| Workshop | 3 | 420 | / | 420 |
| Keep | 1 | 320 | / | 210 |
| Castle | 1 | 360 | / | 210 |
| total: | 62 | 4175g | / | 1905w |
| 0:02 | Peasant |
| 0:15 | Altar of Kings |
| 0:17 | Peasant |
| 0:19 | Farm |
| 0:20 | Barracks |
| 0:22 | Peasant |
| 0:34 | Peasant |
| 0:45 | Peasant |
| 0:53 | Farm |
| 0:57 | Peasant |
| 1:05 | Peasant |
| 1:21 | Footman |
| 1:33 | Peasant |
| 1:35 | Scout Tower |
| 1:40 | Farm |
| 1:47 | Peasant |
| 1:51 | Footman |
| 2:00 | Peasant |
| 2:07 | Arcane Tower |
| 2:22 | Storm Bolt |
| 2:29 | Footman |
| 2:30 | Peasant |
| 2:47 | Lumber Mill |
| 3:54 | Bash |
| 4:04 | Town Hall |
| 4:14 | Scout Tower |
| 4:28 | Scout Tower |
| 4:29 | Farm |
| 4:31 | Arcane Vault |
| 4:32 | Arcane Vault |
| 4:33 | Peasant |
| 4:35 | Footman |
| 4:49 | Arcane Tower |
| 4:51 | Scout Tower |
| 4:52 | Scout Tower |
| 5:02 | Guard Tower |
| 5:25 | Guard Tower |
| 5:31 | Scroll of Regeneration |
| 5:32 | Lesser Clarity Potion |
| 5:45 | Scout Tower |
| 5:46 | Scout Tower |
| 5:48 | Peasant |
| 5:48 | Peasant |
| 5:49 | Improved Lumber Harvesting |
| 5:49 | Improved Masonry |
| 5:53 | Peasant |
| 6:08 | Peasant |
| 6:12 | Peasant |
| 6:38 | Footman |
| 6:45 | Peasant |
| 6:45 | Peasant |
| 6:47 | Scout Tower |
| 6:48 | Scout Tower |
| 6:49 | Scout Tower |
| 6:50 | Scout Tower |
| 6:50 | Scout Tower |
| 6:51 | Scout Tower |
| 6:51 | Scout Tower |
| 6:52 | Scout Tower |
| 6:59 | Guard Tower |
| 7:03 | Scout Tower |
| 7:03 | Scout Tower |
| 7:12 | Storm Bolt |
| 7:27 | Guard Tower |
| 7:28 | Scout Tower |
| 7:29 | Scout Tower |
| 7:29 | Scout Tower |
| 7:34 | Guard Tower |
| 7:44 | Keep |
| 8:14 | Guard Tower |
| 9:23 | Guard Tower |
| 9:26 | Blacksmith |
| 9:30 | Scout Tower |
| 9:31 | Scout Tower |
| 9:32 | Scout Tower |
| 9:32 | Scout Tower |
| 9:33 | Scout Tower |
| 9:34 | Scout Tower |
| 10:33 | Castle |
| 10:37 | Guard Tower |
| 10:38 | Farm |
| 10:40 | Advanced Lumber Harvesting |
| 10:40 | Advanced Masonry |
| 10:43 | Lesser Clarity Potion |
| 10:49 | Workshop |
| 10:51 | Workshop |
| 10:52 | Workshop |
| 10:57 | Black Gunpowder |
| 11:00 | Guard Tower |
| 11:59 | Flak Cannons |
| 11:59 | Flare |
| 12:00 | Refined Gunpowder |
| 12:01 | Mortar Team |
| 12:06 | Holy Light |
| 12:50 | Farm |
| 12:50 | Farm |
| 12:51 | Farm |
| 12:52 | Farm |
| 12:54 | Farm |
| 12:55 | Farm |
| 12:56 | Farm |
| 13:11 | Imbued Masonry |
| 13:19 | Flying Machine Bombs |
| 13:20 | Fragmentation Shards |
| 13:20 | Flying Machine |
| 13:43 | Flying Machine |
| 13:45 | Imbued Gunpowder |
| 13:53 | Farm |
| 13:54 | Farm |
| 13:54 | Farm |
| 14:26 | Flying Machine |
| 14:26 | Flying Machine |
| 14:26 | Flying Machine |
| 15:15 | Flying Machine |
| 15:15 | Flying Machine |
| 15:16 | Flying Machine |
| 15:16 | Flying Machine |
| 15:16 | Flying Machine |
| 15:17 | Iron Plating |
| 15:46 | Flying Machine |
| 15:47 | Flying Machine |
| 15:49 | Farm |
| 15:51 | Farm |
| 16:13 | Scout Tower |
| 16:14 | Scout Tower |
| 16:14 | Scout Tower |
| 16:15 | Scout Tower |
| 16:28 | Scout Tower |
| 16:28 | Scout Tower |
| 16:35 | Steel Plating |
| 16:46 | Guard Tower |
| 17:06 | Guard Tower |
| 17:11 | Guard Tower |
| 17:18 | Scout Tower |
| 17:20 | Scout Tower |
| 17:58 | Flying Machine |
| 17:59 | Flying Machine |
| 18:02 | Mithril Plating |
| 18:04 | Guard Tower |
| 18:22 | Flying Machine |
| 19:16 | Flying Machine |
| 19:17 | Flying Machine |
| 21:54 | Bash |
| 21:55 | Bash |
| 21:56 | Divine Shield |
| 27:31 | Arcane Vault |
| Right click | 1457 |
| Select group | 563 |
| Select | 386 |
| Misc. action | 110 |
| Build/train/purchase | 102 |
| Use ability | 65 |
| Assign group | 19 |
| Item give/drop | 1 |
| Remove unit | 1 |
| Minimap ping | 1 |